 Dungeon Crawl Stone Soup version 0.22-a0-408-g0c774a7e83 (webtiles) character file.

65 PikkenKukken the Ruffian (level 3, 0/36 HPs)
             Began as a Troll Monk on May 10, 2018.
             Slain by an orc
             ... wielding a +0 flail
              (5 damage)
             ... on level 2 of the Dungeon.
             The game lasted 00:07:11 (1458 turns).

PikkenKukken the Ruffian (Troll Monk)               Turns: 1458, Time: 00:07:11

Health: 0/36       AC:  7    Str: 19    XL:     3   Next: 94%
Magic:  2/2        EV: 11    Int: 11    God:
Gold:   94         SH:  0    Dex: 13    Spells: 2/2 levels left

rFire    . . .     SeeInvis .     - Unarmed
rCold    . . .     Gourm    +   (no shield)
rNeg     . . .     Faith    .   a - +0 robe
rPois    .         Spirit   .   (helmet restricted)
rElec    .         Reflect  .   (no cloak)
rCorr    .         Harm     .   (gloves unavailable)
MR       .....                  (boots unavailable)
Stlth    ++........             i - amulet of magic regeneration
HPRegen  0.52/turn              e - +2 ring of protection
MPRegen  0.33/turn              (no ring)

@: brilliant
A: large, unfitting armour, claws 3, fast metabolism 3, gourmand, regeneration
1, shaggy fur 1, tough skin 2
a: no special abilities


You were on level 2 of the Dungeon.
You were completely stuffed.

You visited 1 branch of the dungeon, and saw 3 of its levels.

You collected 94 gold pieces.

Inventory:

Hand Weapons
 b - a +0 hunting sling
Missiles
 l - 63 stones (quivered)
 n - 19 sling bullets
 o - 5 large rocks
Armour
 a - a +0 robe (worn)
Jewellery
 e - a +2 ring of protection (left claw)
 h - an uncursed amulet of harm
 i - an amulet of magic regeneration (around neck)
Scrolls
 f - a scroll of remove curse
 g - a scroll of amnesia {unknown}
 k - 2 scrolls of fear {unknown}
Potions
 c - a potion of lignification
Comestibles
 d - 3 chunks of flesh
 j - 3 rations


   Skills:
 + Level 2.9 Fighting
 + Level 2.9 Dodging
 - Level 1.0 Stealth
 + Level 3.9 Unarmed Combat


You had 2 spell levels left.
You didn't know any spells.

Dungeon Overview and Level Annotations

Branches:
Dungeon (3/15)

Altars:
Dithmenos
Ru


Innate Abilities, Weirdness & Mutations

You are too large for most types of armour.
You have claws for hands.
Your metabolism is lightning-fast.
You like to eat raw meat.
Your natural rate of healing is unusually fast.
You are covered in fur. (AC +1)
You have very tough skin. (AC +2)


Message History

You are too injured to fight recklessly!
You are too injured to fight recklessly!
You closely miss the orc.
The orc is lightly wounded.
The orc hits you with a hand axe. The orc hits you with a war axe!
* * * LOW HITPOINT WARNING * * *
The orc completely misses you.
You don't know any spells.
It was a potion of brilliance.
You feel clever all of a sudden. The orc barely misses you.
The orc closely misses you. The orc hits you with a hand axe.
* * * LOW HITPOINT WARNING * * *
Things that are here:
a whip; a kobold corpse The orc hits you but does no damage.
As you read the scroll labeled NOWNUSEAF, it crumbles to dust.
You feel blessed for a moment.
It was a scroll of remove curse.
The orc hits you with a flail.
You die...

####### #.....#
####.....###.....#
.................#
................)# ########
.....####....)...######......####
.....'..'.....>).................
.....####...##.)o...###'###.#####
.....# #...##.oo##.# #.# #......
.....# #...##..@##.###.###..####
.....# #...##...#..###_..+..#
.....# ######......###.###..#
###### #..#.#.# #.# #.<#
#..#...###'###.#####
#..##...............
########+##.######..######
#........................#
#.........#..###########.#


You could see 3 orcs.

Vanquished Creatures
  An adder (D:2)
  An ooze (D:1)
  A worm (D:2)
  A leopard gecko (D:2)
  2 orcs (D:2)
  A ball python (D:1)
  9 bats
  A giant cockroach (D:1)
  6 goblins
  7 hobgoblins
  2 jackals (D:2)
  3 kobolds
  3 frilled lizards (D:2)
  4 rats
42 creatures vanquished.

Notes
Turn   | Place    | Note
-------+----------+-------------------------------------------
     0 | D:1      | PikkenKukken the Troll Monk began the quest for the Orb.
     0 | D:1      | Reached XP level 1. HP: 22/22 MP: 0/0
   182 | D:1      | Reached XP level 2. HP: 27/29 MP: 1/1
   576 | D:1      | Reached XP level 3. HP: 36/36 MP: 2/2
   996 | D:2      | Found a shadowy altar of Dithmenos.
  1339 | D:3      | Noticed an orc warrior
  1401 | D:3      | Found a sacrificial altar of Ru.
  1458 | D:2      | Slain by an orc

Vault maps used:
D:1:      sevenhm_arrival_forest_fort_small_6
D:2:      lemuel_doored_altar
D:3:      nicolae_overflow_crystal_walls, dancing_weapons_uskayaw,
          nicolae_overflow_hidden_temple, gammafunk_temple_overflow_pools,
          first_ration, portal_sewer_entry_f, uniq_ijyb, uniq_crazy_yiuf_cottage

Action                   || total
-------------------------++-------
Melee: Unarmed           ||    90
 Fire: Hunting sling     ||     2
  Use: Scroll            ||     4
       Potion            ||     4
 Stab: Sleeping          ||     4
  Eat: Chunk             ||    19
Armor: Robe              ||    30
Dodge: Dodged            ||    58

Table legend:
 A = Spawn XP
 B = Non-spawn XP
 C = Spawn XP percentage of total XP
 D = Spawn monster count
 E = Non-spawn monster count
 F = Spawn count percentage of total count
 G = Total turns spent on level
                    A         B        C        D         E        F      G
               +---------+---------+-------+---------+---------+-------+---------
         Total |       0 |      94 |   0.0 |       0 |      42 |   0.0 |  1458
               +---------+---------+-------+---------+---------+-------+---------
           D:1 |       0 |      41 |   0.0 |       0 |      21 |   0.0 |   745
           D:2 |       0 |      51 |   0.0 |       0 |      20 |   0.0 |   671
           D:3 |       0 |       2 |   0.0 |       0 |       1 |   0.0 |    42
               +---------+---------+-------+---------+---------+-------+---------
